 Dungeon Crawl Stone Soup version 0.29-a0-857-g9b1aa3ac5b (webtiles) character file.

Game seed: 18227128943253804468

1419 wakim the Insei (level 8, -12/48 HPs)
             Began as an Octopode Transmuter on July 15, 2022.
             Was an Initiate of Gozag.
             Mangled by Joseph
             ... wielding a +0 quarterstaff
              (21 damage)
             ... on level 7 of the Dungeon on July 16, 2022.
             The game lasted 00:41:01 (9992 turns).

wakim the Insei (Octopode Transmuter)               Turns: 9992, Time: 00:41:02

Health: -12/48     AC:  1    Str:  9    XL:     8   Next: 71%
Magic:  11/11      EV: 13    Int: 18    God:    Gozag
Gold:   319        SH:  0    Dex: 12    Spells: 0/12 levels left

rFire   . . .      SeeInvis .     - Unarmed
rCold   . . .      Faith    .   (no shield)
rNeg    . . .      Spirit   .   (helmet restricted)
rPois   .          Reflect  .   K - amulet of the acrobat
rElec   .          Harm     .   (no ring)
rCorr   .          Rampage  .   (no ring)
Will    .....                   (no ring)
Stlth   +++.......              (no ring)
HPRegen 0.16/turn               (no ring)
MPRegen 0.12/turn               (no ring)
                                (no ring)
                                (no ring)

@: no status effects
A: almost no armour, amphibious, 8 rings, camouflage 1, gelatinous body 1,
(nimble swimmer 1), tentacles
a: Renounce Religion, Potion Petition, Call Merchant, Bribe Branch


You were on level 7 of the Dungeon.
You worshipped Gozag.
Gozag was aware of your devotion.
You visited 2 branches of the dungeon, and saw 8 of its levels.

You collected 453 gold pieces.
You paid 134 gold pieces to Gozag.

Inventory:

Hand Weapons
 a - a +1 sling
Missiles
 S - 6 poisoned darts
 T - 4 boomerangs
Jewellery
 G - an amulet of faith
 K - an amulet of the acrobat (around mantle)
 W - an amulet of reflection
Wands
 u - a wand of mindburst (12)
 y - a wand of paralysis (9)
 z - a wand of polymorph (3)
Scrolls
 C - a scroll of fear {unknown}
 I - a scroll of summoning {unknown}
 J - a scroll of acquirement {unknown}
 P - a scroll of teleportation {unknown}
 R - a scroll of magic mapping {!r}
 U - a scroll of enchant armour
 V - 2 scrolls of enchant weapon
 X - a scroll of fog
 Y - a scroll of immolation {unknown}
Potions
 D - a potion of resistance {unknown}
 E - a potion of brilliance {unknown}
 F - 2 potions of curing
 H - 3 potions of haste
 L - a potion of lignification {!q}
 M - a potion of mutation {!q}
 N - a potion of might
 Q - a potion of attraction {unknown}
 Z - 2 potions of heal wounds {unknown}


   Skills:
 - Level 1.0 Fighting
 - Level 2.0 Dodging
 - Level 4.0 Stealth
 - Level 7.0 Unarmed Combat
 + Level 2.6 Spellcasting
 * Level 7.0 Transmutations
 - Level 3.0 Ice Magic
 + Level 0.0 Earth Magic


You couldn't memorise any spells.
You knew the following spells:

 Your Spells              Type           Power      Damage    Failure   Level
a - Beastly Appendage     Tmut           54%        N/A       1%          1
b - Petrify               Tmut/Erth      15%        N/A       36%         4
c - Ice Form              Ice/Tmut       20%        N/A       22%         4
x - Spider Form           Tmut/Pois      15%        N/A       12%         3

Your spell library contained the following spells:

 Spells                   Type           Power      Damage    Failure   Level
 Wereblood                Tmut           27%        N/A       1%          2
 Ignite Poison            Fire/Tmut/Pois 10%        N/A       19%         3
 Blink                    Tloc           4%         N/A       26%         2
 Sublimation of Blood     Necr           2%         N/A       26%         2
 Call Canine Familiar     Summ           2%         N/A       45%         3
 Conjure Flame            Conj/Fire      2%         6-21      45%         3
 Portal Projectile        Hex/Tloc       4%         N/A       45%         3
 Irradiate                Conj/Tmut      7%         3d14      73%         5
 Leda's Liquefaction      Hex/Erth       1%         N/A       86%         4
 Sticky Flame             Conj/Fire      2%         2d3       86%         4
 Manifold Assault         Tloc           2%         N/A       99%         5
 Storm Form               Tmut/Air       7%         N/A       100%        7


Dungeon Overview and Level Annotations

Branches:
Dungeon (7/15) Zot: 26271  Temple (1/1) D:7 Zot: 5912

Altars:
Cheibriados
Dithmenos
Elyvilon
Gozag
Kikubaaqudgha
Qazlal
Uskayaw
Wu Jian
The Shining One

Annotations:
D:5 2 runed translucent doors, CAMOKATEP's ghost, novice HOMo
D:6 exclusion: wight
D:7 Joseph; Maggie; Pikel


Innate Abilities, Weirdness & Mutations

You cannot wear most types of armour.
You are amphibious.
You can wear up to eight rings at the same time.
Your skin changes colour to match your surroundings (Stealth+).
Your rubbery body absorbs attacks. (AC +1, EV +1)
((You are camouflaged when in or above water. (Stealth+)))
You have tentacles for arms and can constrict up to eight enemies at once.


Message History

Joseph barely misses you.
You hit Joseph.
Joseph looks as sick as possible!
Joseph is moderately wounded.
Joseph hits you with a +0 quarterstaff!
* * * LOW HITPOINT WARNING * * *
12/48 (-11) Joseph unwields a +0 quarterstaff.
Joseph wields a +0 sling.
Joseph shoots a sling bullet.
The sling bullet completely misses you. 13/48 (+1) 14/48 (+1) 15/48 (+1) Joseph shoots a sling bullet.
The sling bullet misses you.
Joseph shoots a sling bullet.
The sling bullet completely misses you.
Your transformation is almost over.
There is a stone staircase leading up here.
Joseph shoots a sling bullet.
The sling bullet completely misses you. 16/48 (+1) Unknown command.
Joseph shoots a sling bullet.
The sling bullet misses you.
Unknown command.
Joseph shoots a sling bullet.
The sling bullet completely misses you.
Joseph unwields a +0 sling.
Joseph wields a +0 quarterstaff.
Joseph barely misses you.
You hit Joseph.
Joseph looks as sick as possible!
Joseph is almost dead.
Joseph hits you with a +0 quarterstaff!
* * * LOW HITPOINT WARNING * * *
8/48 (-8) Unknown command.
You hit Joseph.
Joseph is almost dead.
Your transformation has ended.
Joseph closely misses you.
Unknown command.
You barely miss Joseph. You grab Joseph.
Joseph is almost dead.
You constrict Joseph.
Joseph hits you with a +0 quarterstaff!!
You die...
Your body crumbles into a pile of gold.

..#........## ..##......#.##
..###....##..####
..###...........##
...###..........<###
..###..........#...#
..###........#.....#
...##........#.....#
............##..@..####
.P..........#...@.....####
>....#...........#......?#
P.P####......##..##......#
P..# #...........####....#
...# #.........### #.....##
...###...........###..#...#
#...#..............@..#...##
......................#....#


You could see Joseph (extremely poisoned).

Vanquished Creatures
  Edmund (D:6)
  3 centaurs (D:5)
  3 phantoms
  A bullfrog (D:5)
  A scorpion (D:6)
  2 wights (D:6)
  A hound (D:5)
  Crazy Yiuf (D:2)
  4 iguanas
  2 jellies
  4 orc priests (D:4)
  Terence (D:2)
  An orc wizard (D:4)
  5 gnolls (D:4)
  10 adders
  A shadow imp (D:6)
  2 ufetubi
  6 orcs
  6 endoplasms
  2 giant cockroaches
  12 goblins
  5 hobgoblins
  7 jackals
  4 quokkas
  3 ball pythons
  3 bats
  6 frilled lizards
  8 kobolds
  4 rats
109 creatures vanquished.

Vanquished Creatures (others)
  3 plants (D:7)
3 creatures vanquished.

Grand Total: 112 creatures vanquished

Notes
Turn   | Place    | Note
-------+----------+-------------------------------------------
     0 | D:1      | wakim the Octopode Transmuter began the quest for the Orb.
     0 | D:1      | Reached XP level 1. HP: 13/13 MP: 3/3
   255 | D:1      | Reached skill level 1 in Stealth
   366 | D:1      | Reached XP level 2. HP: 17/18 MP: 3/5
  1010 | D:1      | Reached XP level 3. HP: 23/23 MP: 4/6
  2205 | D:2      | Noticed Terence
  2212 | D:2      | Learned a level 3 spell: Spider Form
  2218 | D:2      | Killed Terence
  2219 | D:2      | Reached XP level 4. HP: 5/28 MP: 3/7
  2622 | D:2      | Found a faded altar of an unknown god.
  2784 | D:2      | Found a runed translucent door.
  2785 | D:2      | Noticed Crazy Yiuf
  2803 | D:2      | Killed Crazy Yiuf
  3012 | D:3      | Reached XP level 5. HP: 25/33 MP: 6/8
  3195 | D:3      | Upgraded the game from 0.29-a0-845-g6161e89988 to
                  | 0.29-a0-857-g9b1aa3ac5b
  3487 | D:3      | Reached skill level 5 in Unarmed Combat
  4206 | D:4      | Reached XP level 6. HP: 38/38 MP: 5/9
  4891 | D:4      | Noticed a +0 hand axe
  4891 | D:4      | Noticed a +0 dagger
  4892 | D:4      | Found a hide-covered altar of Uskayaw.
  5270 | D:4      | Found a shadowy altar of Dithmenos.
  5292 | D:4      | Reached XP level 7. HP: 9/43 MP: 6/10
  6163 | D:5      | Entered Level 5 of the Dungeon
  6598 | D:5      | Learned a level 4 spell: Ice Form
  6816 | D:5      | Reached skill level 1 in Ice Magic
  6850 | D:5      | Found a large runed translucent door.
  6850 | D:5      | Found a large runed translucent door.
  7579 | D:5      | Noticed CAMOKATEP's ghost (novice HOMo)
  7886 | D:5      | Reached XP level 8. HP: 48/48 MP: 4/11
  7998 | D:5      | Reached skill level 5 in Transmutations
  8172 | D:6      | Noticed Edmund
  8197 | D:6      | Killed Edmund
  9186 | D:7      | Found a staircase to the Ecumenical Temple.
  9196 | Temple   | Entered the Ecumenical Temple
  9256 | Temple   | Became a worshipper of Gozag Ym Sagoz the Greedy
  9299 | D:7      | Noticed Maggie
  9339 | D:7      | Noticed Joseph
  9405 | D:7      | Noticed Pikel
  9703 | D:7      | Learned a level 4 spell: Petrify
  9846 | D:7      | Found a white marble altar of Elyvilon.
  9992 | D:7      | Mangled by Joseph

Illustrated notes

Levels and vault maps discovered:
D:1:      minmay_arrival_diagonal_passages, layout_basic
D:2:      layout_loops_corners, ebering_ecumenical_altar_box, uniq_terence,
          uniq_crazy_yiuf_cottage
D:3:      layout_basic, minivault_27
D:4:      layout_basic, dancing_weapons_uskayaw,
          nicolae_dithmenos_through_a_glass_darkly, serial_rivers,
          chequers_serial_rivers_micro_b, chequers_serial_rivers_micro_e,
          chequers_serial_rivers_room_a, chequers_serial_rivers_small_b,
          chequers_serial_rivers_small_b, chequers_serial_rivers_room_b
D:5:      layout_basic, ebering_ghost_disaster_area
D:6:      layout_loops_ring, minmay_tree_intersection, lemuel_old_faithful,
          uniq_edmund
D:7:      layout_cave_pools, kennysheep_mini, minmay_temple_entry_overgrown,
          uniq_maggie, uniq_joseph, uniq_pikel
Temple:   hc_temple_tempest_star

Skill      XL: |  1  2  3  4  5  6  7  8 |
---------------+-------------------------+-----
Stealth        | 1 2 3 4 |  4.0
Unarmed Combat | 4 5 6 7 |  7.0
Transmutations | 4 7 |  7.0
Ice Magic      | 2 3 |  3.0
Fighting       | |  1.0
Dodging        | |  2.0
Spellcasting   | |  2.6

Action                   |  1- 3 |  4- 6 |  7- 9 || total
-------------------------+-------+-------+-------++-------
Melee: Unarmed           |    79 |   116 |   126 ||   321
       Constrict         |    19 |    13 |     5 ||    37
       Kick              |    21 |    22 |     4 ||    47
       Tentacles         |    11 |    11 |     2 ||    24
       Punch             |     1 |     3 |     3 ||     7
 Fire: Sling             |       |       |     5 ||     5
Throw: Stone             |     2 |       |       ||     2
       Boomerang         |       |       |     2 ||     2
 Cast: Beastly Appendage |    29 |    20 |     6 ||    55
       Spider Form       |     1 |     8 |    15 ||    24
       Ice Form          |       |       |     5 ||     5
Evoke: Wand              |       |     2 |       ||     2
  Use: Scroll            |       |     3 |     5 ||     8
       Potion            |       |     2 |     1 ||     3
 Stab: Sleeping          |    16 |    10 |     3 ||    29
       Distracted        |     1 |       |       ||     1
Armor: Skin              |     3 |     3 |    14 ||    20
Dodge: Dodged            |    33 |    52 |    87 ||   172
Block: Other             |       |    17 |     6 ||    23
       Reflection        |       |     1 |       ||     1

Table legend: (Time is in decaauts)
 A = Elapsed time spent in this place.
 B = Non-inter-level travel time spent in this place.
 C = Inter-level travel time spent in this place.
 D = Time resting spent in this place.
 E = Time spent auto-exploring this place.
 F = Levels seen in this place.
 G = Mean time per level.
                   A        B        C        D        E       F      G
               +--------+--------+--------+--------+--------+-----+--------+
         Total |   9964 |   9690 |    274 |   1265 |   6450 |   8 | 1245.5 |
       Dungeon |   9876 |   9620 |    256 |   1265 |   6396 |   7 | 1410.9 |
        Temple |     87 |     69 |     18 |      0 |     54 |   1 |   87.0 |
               +--------+--------+--------+--------+--------+-----+--------+

Top non-repeatable levels by time:
     D:4: 2623 daAuts
     D:5: 1600 daAuts
     D:1: 1592 daAuts
     D:6: 1354 daAuts
     D:2: 1343 daAuts
     D:3: 850 daAuts
     D:7: 512 daAuts
  Temple: 87 daAuts
